 Dungeon Crawl Stone Soup version 0.30-a0-718-geaa24f58ff (webtiles) character file.

Game seed: 17551625762838734861

35 Shayle the Sneak (level 3, 0/22 HPs)
             Began as a Tengu Brigand on Jan 25, 2023.
             Slain by Jessica
             ... wielding a +3 club
              (5 damage)
             ... on level 2 of the Dungeon.
             The game lasted 00:04:47 (1150 turns).

Shayle the Sneak (Tengu Brigand)                    Turns: 1150, Time: 00:04:48

Health: 0/22       AC:  5    Str: 11    XL:     3   Next: 33%
Magic:  4/4        EV: 12    Int: 13    God:
Gold:   63         SH:  0    Dex: 15    Spells: 2/2 levels left

rFire   . . .      SeeInvis .    a - +2 dagger
rCold   . . .      Faith    .    (no shield)
rNeg    . . .      Spirit   .    b - +0 robe
rPois   +          Reflect  .    (helmet restricted)
rElec   .          Harm     .    m - +2 cloak "Wintaman" {rPois}
rCorr   .          Rampage  .    (no gloves)
Will    .....                    (boots unavailable)
Stlth   +++                      (no amulet)
HPRegen 0.23/turn                (no ring)
MPRegen 0.09/turn                (no ring)

@: slowed, very slow
A: beak, talons 3
a: no special abilities


You were on level 2 of the Dungeon.
You visited 1 branch of the dungeon, and saw 2 of its levels.

You collected 63 gold pieces.

Inventory:

Hand Weapons
 a - a +2 dagger (weapon)
Missiles
 d - 19 poisoned darts (quivered)
 e - 3 curare-tipped darts
Armour
 b - a +0 robe (worn)
 c - a +0 cloak
 m - the +2 cloak "Wintaman" (worn) {rPois}
   (You found it on level 2 of the Dungeon)

   rPois:     It protects you from poison.
Jewellery
 o - an amulet of regeneration
Scrolls
 f - a scroll of identify {unknown}
 h - a scroll of vulnerability {unknown}
 j - 2 scrolls of teleportation {unknown}
 l - 3 scrolls of poison {unknown}
Potions
 g - a potion of curing
 i - a potion of invisibility {unknown}
 k - a potion of attraction {unknown}
 n - a potion of might {unknown}


   Skills:
 + Level 2.6 Fighting
 - Level 2.1 Short Blades
 - Level 2.0 Throwing
 + Level 2.1 Dodging
 + Level 4.4 Stealth


You had 2 spell levels left.
You didn't know any spells.
Your spell library contained the following spells:

 Spells                   Type           Power      Damage    Failure   Level
 Magic Dart               Conj           0%         1d3       30%         1
 Searing Ray              Conj           0%         2d4       43%         2
 Fulminant Prism          Conj/Hex       0%         3d5       97%         4


Dungeon Overview and Level Annotations

Branches:
Dungeon (2/15)

Altars:

Annotations:
D:2 Jessica


Innate Abilities, Weirdness & Mutations

You have a beak for a mouth.
You have claws for feet.


Message History

You now have 63 gold pieces (gained 6).
Jessica the Apprentice Sorceress comes into view.
She is wielding a +3 club, wearing a +2 robe of resistance and carrying a wand of roots (11).
Jessica shouts!
Found a stone staircase leading down.
Jessica zaps a wand.
The roots erupt in riotous growth!
The grasping roots grab you! The grasping roots constrict you.
You escape the roots grasp.
Jessica zaps a wand.
The roots erupt in riotous growth!
The grasping roots grab you! The grasping roots constrict you.
You escape the roots grasp.
Jessica casts a spell at you.
You feel yourself slow down. Jessica barely misses you.
Jessica closely misses you.
You barely miss Jessica. Your kick misses Jessica.
Jessica points at you and mumbles some strange words.
Pain shoots through your body!
Ouch! That really hurt!
* * * LOW HITPOINT WARNING * * *
You hit Jessica. Your kick misses Jessica.
Jessica is moderately wounded.
Jessica zaps a wand.
The roots erupt in riotous growth!
The grasping roots grab you!
Jessica is unaffected.
The grasping roots constrict you.
* * * LOW HITPOINT WARNING * * *
It was a potion of curing.
You feel better. Jessica hits you but does no damage.
The grasping roots constrict you. Jessica hits you with a +3 club.
* * * LOW HITPOINT WARNING * * *
The grasping roots constrict you.
* * * LOW HITPOINT WARNING * * *
You feel better. Jessica hits you but does no damage.
The grasping roots constrict you.
* * * LOW HITPOINT WARNING * * *
The grasping roots release their grip on you.
You closely miss Jessica. Your kick misses Jessica.
Jessica is moderately wounded.
Jessica hits you with a +3 club.
You die...

## #. ######### #.
...########.......# #.
...>..@@..........#####.
...########.............
#.......#####. #.......#
#. #.#.†.### #. #.##.##
## #....# ####.# ##'##


You could see Jessica.

Vanquished Creatures
  2 dart slugs
  2 ball pythons
  6 endoplasms
  A giant cockroach (D:1)
  4 goblins
  3 hobgoblins
  2 kobolds
  A quokka (D:1)
  A bat (D:1)
  2 frilled lizards (D:1)
  2 rats (D:1)
26 creatures vanquished.

Vanquished Creatures (others)
  A plant (D:1)
1 creature vanquished.

Grand Total: 27 creatures vanquished

Notes
Turn   | Place    | Note
-------+----------+-------------------------------------------
     0 | D:1      | Shayle the Tengu Brigand began the quest for the Orb.
     0 | D:1      | Reached XP level 1. HP: 12/12 MP: 2/2
   108 | D:1      | Reached XP level 2. HP: 16/17 MP: 3/3
   165 | D:1      | Found a faded altar of an unknown god.
   565 | D:1      | Reached XP level 3. HP: 22/22 MP: 4/4
   774 | D:2      | Identified the +2 cloak "Wintaman" {rPois}
  1140 | D:2      | Noticed Jessica
  1148 | D:2      | HP: 1/22 [constriction (5)]
  1150 | D:2      | Slain by Jessica

Illustrated notes

Levels and vault maps discovered:
D:1:      dpeg_arrival_round_b, layout_basic, shapermc_ecumenical_altar_ellora
D:2:      layout_loops_corners, uniq_jessica

Skill      XL: |  1  2 |
---------------+-------+-----
Dodging        | 2 |  2.1
Fighting       | |  2.6
Short Blades   | |  2.1
Throwing       | |  2.0
Stealth        | |  4.4

Action                     || total
---------------------------++-------
  Melee: Dagger            ||    59
         Kick              ||    17
         Peck              ||     9
    Use: Potion            ||     2
   Stab: Sleeping          ||     5
 Armour: Robe              ||     7
  Dodge: Dodged            ||    28

Table legend: (Time is in decaauts)
 A = Elapsed time spent in this place.
 B = Non-inter-level travel time spent in this place.
 C = Inter-level travel time spent in this place.
 D = Time resting spent in this place.
 E = Time spent auto-exploring this place.
 F = Levels seen in this place.
 G = Mean time per level.
                   A        B        C        D        E       F      G
               +--------+--------+--------+--------+--------+-----+--------+
         Total |   1146 |   1099 |     47 |      4 |    781 |   2 |  573.0 |
       Dungeon |   1146 |   1099 |     47 |      4 |    781 |   2 |  573.0 |
               +--------+--------+--------+--------+--------+-----+--------+

Top non-repeatable levels by time:
     D:1: 655 daAuts
     D:2: 490 daAuts
